AoeStats
← DeathPanther

Arena

507904658Analyzed
3v3 RM · 12d ago on Sep 20, 2026· 57m 4s· 6 players
Game mode
Random Map
Map size
Normal (6 player)
Population
200
Speed
Normal
Resources
Standard
Victory
Conquest
Starting age
Dark Age
Ending age
Imperial Age
RankedLock teamsTeams togetherTeam positionsShared explorationLock speedFull tech treeHidden civsTurbo modeCheats
Victory
Defeat
🇦🇷 Khmer · Argentina
1040
+14
🇧🇷 Ethiopians · Brazil
1034
+14
🇦🇷 Berbers · Argentina
899
+20
🇲🇽 Franks · Mexico
1000
-16
🇲🇽 Bohemians · Mexico
993
-16
🇮🇳 Hindustanis · India
980
-16
Swx L9
0:51 Loom
10:45 Feudal Age
12:04 Wheelbarrow
12:12 Double-Bit Axe
14:10 Forging
21:57 Castle Age
22:48 Crossbowman
22:56 Man-at-Arms
22:59 Pikeman
24:54 Town Watch
25:43 Bow Saw
28:26 Long Swordsman
30:09 Fletching
30:54 Iron Casting
30:21 Padded Archer Armor
30:22 Scale Mail Armor
41:16 Hand Cart
42:12 Horse Collar
43:08 Squires
43:30 Wagenburg Tactics
46:57 Imperial Age
46:43 Chemistry
45:52 Scale Barding Armor
45:19 Elite Skirmisher
48:02 Leather Archer Armor
48:05 Heavy Plow
49:22 Halberdier
51:08 Blast Furnace
51:07 Chain Mail Armor
52:18 Two-Handed Swordsman
DeathPanther
12:03 Feudal Age
10:22 Loom
13:03 Loom
14:01 Loom
16:59 Castle Age
14:47 Loom
17:10 Forging
17:06 Scale Barding Armor
19:27 Double-Bit Axe
19:34 Stone Mining
19:59 Gold Mining
21:40 Fletching
22:47 Husbandry
26:36 Bow Saw
29:34 Gold Shaft Mining
34:28 Imperial Age
33:43 Chain Barding Armor
33:58 Iron Casting
33:20 Bodkin Arrow
35:56 Plate Barding Armor
35:20 Bodkin Arrow
35:12 Cavalier
36:18 Conscription
37:42 Wheelbarrow
39:37 Pikeman
40:17 Squires
43:24 Hand Cart
46:11 Hoardings
50:17 Chemistry
49:13 Murder Holes
49:59 Caravan
50:50 Arson
50:26 Halberdier
Boxster553
4:43 Loom
10:52 Feudal Age
15:03 Castle Age
13:32 Double-Bit Axe
13:58 Horse Collar
17:19 Wheelbarrow
16:29 Town Watch
17:15 Heavy Plow
22:34 Hand Cart
23:47 Stone Mining
25:10 Bow Saw
25:02 Town Patrol
27:17 Fletching
27:59 Forging
27:49 Scale Mail Armor
29:12 Squires
30:08 Squires
32:22 Arson
34:48 Stone Shaft Mining
34:05 Gold Mining
36:25 Gold Shaft Mining
39:15 Imperial Age
38:42 Grand Trunk Road
39:25 Elite Ghulam
40:26 Conscription
40:43 Hoardings
43:19 Bloodlines
43:09 Husbandry
43:18 Scale Barding Armor
42:48 Heavy Camel Rider
44:43 Light Cavalry
48:56 Imperial Camel Rider
Tebano
11:53 Feudal Age
14:01 Loom
16:40 Castle Age
14:38 Double-Bit Axe
15:46 Horse Collar
17:48 Bow Saw
19:12 Crossbowman
27:06 Fletching
29:11 Bodkin Arrow
36:27 Imperial Age
34:33 Wheelbarrow
35:23 Thumb Ring
36:53 Squires
38:13 Chemistry
37:35 Ballistics
37:06 Heated Shot
39:07 Hand Cart
41:12 Man-at-Arms
42:03 Bracer
42:04 Padded Archer Armor
42:15 Forging
42:06 Scale Mail Armor
44:16 Husbandry
44:29 Long Swordsman
44:57 Arson
45:23 Light Cavalry
48:08 Leather Archer Armor
48:11 Fortified Wall
48:14 Masonry
48:48 Hussar
49:39 Scale Barding Armor
50:20 Onager
52:16 Two-Handed Swordsman
HabermasTAH
11:39 Feudal Age
9:57 Loom
12:31 Double-Bit Axe
12:45 Horse Collar
18:05 Castle Age
18:04 Scale Barding Armor
19:12 Chain Barding Armor
23:44 Husbandry
24:23 Bow Saw
25:29 Wheelbarrow
29:22 Hand Cart
33:12 Heavy Plow
33:30 Gold Mining
34:27 Town Watch
35:35 Gold Shaft Mining
34:52 Stone Mining
35:17 Forging
35:26 Bloodlines
38:57 Stone Shaft Mining
39:14 Town Patrol
40:03 Arson
40:19 Squires
39:40 Pikeman
40:28 Scale Mail Armor
40:40 Forging
41:43 Kasbah
42:06 Chain Mail Armor
46:03 Imperial Age
46:57 Maghrebi Camels
47:19 Conscription
47:40 Plate Barding Armor
47:36 Plate Mail Armor
47:42 Iron Casting
47:45 Crop Rotation
48:14 Murder Holes
48:30 Fortified Wall
48:33 Masonry
49:31 Heavy Camel Rider
51:09 Hoardings
53:17 Cavalier
55:49 Chemistry
55:10 Ballistics
54:41 Heated Shot
54:31 Treadmill Crane
TonnnyyStarK
11:10 Feudal Age
14:09 Castle Age
11:56 Horse Collar
12:11 Double-Bit Axe
15:13 Loom
16:23 Wheelbarrow
16:31 Wheelbarrow
16:28 Bow Saw
21:39 Heavy Plow
24:25 Town Watch
26:48 Hand Cart
28:03 Scale Barding Armor
31:44 Imperial Age
30:22 Town Patrol
30:42 Chain Barding Armor
30:31 Stone Mining
30:33 Gold Mining
32:38 Fletching
33:25 Forging
33:57 Crop Rotation
33:56 Husbandry
34:07 Bloodlines
34:33 Plate Barding Armor
34:58 Conscription
36:16 Elite Battle Elephant
36:29 Heavy Scorpion
39:34 Iron Casting
38:55 Bodkin Arrow
39:12 Siege Engineers
39:29 Ballistics
40:09 Chemistry
41:20 Blast Furnace
42:28 Bracer
43:16 Double Crossbow
43:36 Capped Ram
45:18 Caravan
45:38 Tusk Swords
44:59 Elite Ballista Elephant
45:30 Heavy Scorpion
49:53 Siege Ram
Connection lost

Rejoining the realm…

Still unreachable

The connection could not be restored.

Session expired

The server has moved on; the page needs a fresh start.